 Dungeon Crawl Stone Soup version 0.28-a0-1616-g050a50673c (webtiles) character file.

Game seed: 12808527642031324037

15101 fragbeetle the Spear-Bearer (level 12, -14/91 HPs)
             Began as a Merfolk Ice Elementalist on Jan 23, 2022.
             Was an Initiate of Gozag.
             Killed from afar by an ice statue (24 damage)
             ... with a shard of ice
             ... in an ice cave.
             The game lasted 00:42:22 (11726 turns).

fragbeetle the Spear-Bearer (MfIE)                 Turns: 11726, Time: 00:42:23

Health: -14/91     AC: 11    Str: 11    XL:     12   Next: 23%
Magic:  19/19      EV: 16    Int: 17    God:    Gozag
Gold:   930        SH:  0    Dex: 14    Spells: 7/21 levels left

rFire   + . .      SeeInvis .   T - +3 halberd
rCold   + . .      Faith    .   (shield currently unavailable)
rNeg    . . .      Spirit   .   K - +0 steam dragon scales
rPois   .          Reflect  .   y - +1 hat
rElec   .          Harm     .   (no cloak)
rCorr   .          Rampage  .   t - +0 pair of gloves
Will    .....                   (no boots)
Stlth   ++++......              (no amulet)
HPRegen 0.25/turn               e - ring of protection from cold
MPRegen 0.16/turn               g - ring of Paranoia {rF+ AC+4 Slay+3}

@: hasted and slowed
A: (nimble swimmer 2), mertail
a: Renounce Religion, Potion Petition, Call Merchant, Bribe Branch


You were in an ice cave.
You worshipped Gozag.
Gozag was pleased with you.
You visited 2 branches of the dungeon, and saw 12 of its levels.
You also visited: Sewer, Bailey and Ice Cave.

You collected 1054 gold pieces.
You paid 124 gold pieces to Gozag.

Inventory:

Hand Weapons
 G - a +2 whip of electrocution
 T - a +3 halberd (weapon)
Missiles
 a - 13 boomerangs (quivered)
 n - 19 poisoned darts
 C - a curare-tipped dart
 F - 2 throwing nets
 Q - 2 datura-tipped darts
Armour
 t - a +0 pair of gloves (worn)
 y - a +1 hat (worn)
 K - +0 steam dragon scales (worn)
Jewellery
 b - an amulet of regeneration
 c - a +4 ring of evasion
 e - a ring of protection from cold (left hand)
 g - the ring of Paranoia (right hand) {rF+ AC+4 Slay+3}
   (You acquired it in a bailey)

   [ring of protection]

   AC:        It affects your AC (+4).
   Slay:      It affects your accuracy & damage with ranged weapons and melee
   (+3).
   rF:        It protects you from fire.
 l - a ring of willpower
 I - a ring of see invisible
 R - a ring of magical power
Wands
 D - a wand of flame (22)
Scrolls
 f - 5 scrolls of teleportation
 h - a scroll of enchant armour {unknown}
 i - 2 scrolls of magic mapping
 j - 2 scrolls of immolation
 o - a scroll of silence {unknown}
 p - a scroll of holy word {unknown}
 q - a scroll of summoning
 v - a scroll of brand weapon {unknown}
 J - 2 scrolls of vulnerability {unknown}
 N - a scroll of blinking {unknown}
 O - 3 scrolls of fog
 U - a scroll of enchant weapon {unknown}
Potions
 d - 2 potions of curing
 k - 3 potions of attraction
 m - a potion of resistance {unknown}
 r - a potion of mutation {unknown}
 s - 2 potions of lignification
 w - 4 potions of might
 x - a potion of haste
 z - a potion of invisibility
 A - 3 potions of brilliance
 E - 4 potions of flight
 P - a potion of magic {unknown}
 W - a potion of heal wounds {unknown}
 Z - a potion of cancellation {unknown}
Miscellaneous
 V - a phial of floods
 X - a tin of tremorstones (2/2)


   Skills:
 + Level 7.5 Fighting
 * Level 13.7 Polearms
 + Level 9.7 Dodging
 + Level 7.2 Stealth
 + Level 5.1 Spellcasting
 * Level 2.9 Conjurations
 - Level 4.2 Hexes
 + Level 7.4 Summonings
 + Level 9.3 Ice Magic


You had 7 spell levels left.
You knew the following spells:

 Your Spells              Type           Power      Damage    Failure   Level
a - Freeze                Ice            100%       1d11      1%          1
b - Frozen Ramparts       Ice            72%        1d9       1%          3
c - Ozocubu's Armour      Ice            36%        N/A       1%          3
d - Summon Guardian Gole  Hex/Summ       24%        N/A       3%          3
e - Hailstorm             Conj/Ice       25%        3d7       11%         4

Your spell library contained the following spells:

 Spells                   Type           Power      Damage    Failure   Level
 Call Canine Familiar     Summ           29%        N/A       1%          3
 Portal Projectile        Hex/Tloc       22%        N/A       19%         3
 Blink                    Tloc           8%         N/A       22%         2
 Lesser Beckoning         Tloc           4%         N/A       38%         3
 Leda's Liquefaction      Hex/Erth       5%         N/A       52%         4
 Manifold Assault         Tloc           4%         N/A       98%         5
 Orb of Destruction       Conj           7%         9d6       100%        7
 Spellforged Servitor     Conj/Summ      10%        N/A       100%        7


Dungeon Overview and Level Annotations

Branches:
Dungeon (11/15)            Temple (1/1) D:7            Lair (0/6) D:11
    Orc (0/2) D:10          Sewer (visited)          Bailey (visited)
  IceCv (1/1)

Altars:
Ashenzari
Cheibriados
Dithmenos
Elyvilon
Fedhas
Gozag
Hepliaklqana
Kikubaaqudgha
Makhleb
Nemelex Xobeh
Okawaru
Qazlal
Ru
Sif Muna
Trog
Uskayaw
Vehumet
Wu Jian
Xom
Yredelemnul
Zin
The Shining One

Shops:
D:1 ?

Annotations:
D:6 2 transporters, Melian's ghost, novice MiBe
D:8 exclusion: deep elf pyromancer IceCv 1 transporter, exclusion: 2 ice statues


Innate Abilities, Weirdness & Mutations

((You are very nimble when in or above water. (Stealth+, EV+, Speed+++)))
Your lower body shifts to a powerful aquatic tail in water.


Message History

You feel better.
You are engulfed in freezing vapours.
You resist. The freezing wraith misses you. The freezing wraith hits you!
The freezing wraith drains your vigour!
You feel yourself slow down. The ice beast completely misses you.
Unknown command.
You puncture the ice statue!
The ice statue is moderately damaged.
You are engulfed in freezing vapours.
You resist. The ice beast misses you.
The ice statue glitters chillingly in the dim dungeon light.
The ice statue gestures.
The freezing wraith misses you.
The freezing wraith hits you but does no damage.
You slash the ice statue!
The ice statue is heavily damaged.
You are engulfed in freezing vapours.
You resist. The ice beast barely misses you. The ice statue gestures at you.
The bolt of cold hits you! You resist.
* * * LOW HITPOINT WARNING * * *
The ice statue gestures at you.
The shard of ice hits your death yak simulacrum!
Your death yak simulacrum partially resists.
The ice beast closely misses you.
Your cane toad simulacrum hits the freezing wraith!
Your cane toad simulacrum freezes the freezing wraith.
The freezing wraith completely resists.
The freezing wraith hits you!
* * * LOW HITPOINT WARNING * * *
The freezing wraith freezes you. You resist.
* * * LOW HITPOINT WARNING * * *
The freezing wraith misses you.
You feel better.
You are engulfed in freezing vapours.
You resist.
* * * LOW HITPOINT WARNING * * *
The ice beast closely misses you.
The ice beast hits your cane toad simulacrum.
The ice beast freezes your cane toad simulacrum.
Your cane toad simulacrum completely resists.
The ice statue gestures at you. The shard of ice hits you!!
You partially resist.
You die...
Your body crumbles into a pile of gold.

##### ####
####...### ##.©#
##........####8..#
##..........##8...#
#...........#8.YY8#
.......8..).#.○W@○#
.........(.8#..○Z°#
.∩.∩.....[©©#©..Y)#
.........(.8#...Y:#
.......8....#....Z#
#...........#8...8#
##..........##8...#
##........####8..#
####...### ##.∩#


You could see 2 ice statues, a freezing wraith (ally target), 4 ice beasts, a
friendly death yak simulacrum (summoned) and a friendly cane toad simulacrum
(summoned).

Vanquished Creatures
  3 two-headed ogres
  A deep elf pyromancer (D:9)
  An orc knight (Bailey)
  A komodo dragon (D:10)
  2 kobold demonologists (D:9)
  2 ice devils (D:11)
  2 shadows (D:10)
  2 wyverns
  A death yak simulacrum (IceCv)
  A steam dragon (D:6)
  3 water moccasins
  4 orc warriors
  A necrophage (D:6)
  An ice beast (D:6)
  An ogre (D:5)
  6 centaurs
  Blork the orc (D:6)
  A gnoll sergeant (D:7)
  4 bullfrogs
  4 kobold brigands
  3 scorpions
  2 troll zombies (D:10)
  14 wights
  5 howler monkeys (D:10)
  A vampire bat (D:4)
  5 centaur zombies
  2 orc priests
  2 gnoll shamans
  2 hounds (D:5)
  2 jellies
  3 iguanas
  A scorpion zombie (D:5)
  2 orc wizards (D:10)
  A killer bee zombie (D:8)
  5 ogre zombies (D:10)
  A howler monkey zombie (D:9)
  11 adders
  12 gnolls
  8 river rats
  An ufetubus (D:5)
  2 worms (D:5)
  A dart slug (D:1)
  12 orcs
  6 bats
  4 bat skeletons (D:4)
  2 bat zombies (D:4)
  2 endoplasms
  2 giant cockroaches
  14 goblins
  8 hobgoblins
  7 jackals (Sewer)
  22 kobolds
  5 quokkas
  8 ball pythons
  4 frilled lizards
  2 goblin skeletons (D:10)
  2 goblin zombies (D:10)
  2 hobgoblin skeletons (D:10)
  2 hobgoblin zombies (D:10)
  4 orc skeletons (D:10)
  13 orc zombies (D:10)
  5 rats
  A spectral orc (D:6)
255 creatures vanquished.

Vanquished Creatures (collateral kills)
  An ugly thing (IceCv)
  A death yak simulacrum (IceCv)
  An elephant simulacrum (IceCv)
  A polar bear simulacrum (IceCv)
4 creatures vanquished.

Vanquished Creatures (others)
  An orc warlord (Bailey)
  9 plants (Sewer)
10 creatures vanquished.

Grand Total: 269 creatures vanquished

Notes
Turn   | Place    | Note
-------+----------+-------------------------------------------
     0 | D:1      | fragbeetle the Merfolk Ice Elementalist began the quest for
                  | the Orb.
     0 | D:1      | Reached XP level 1. HP: 13/13 MP: 3/3
    69 | D:1      | Found Kanaill's Magic Scroll Emporium.
   854 | D:2      | Found a faded altar of an unknown god.
   858 | D:2      | Reached XP level 2. HP: 18/20 MP: 3/5
  1020 | D:2      | Reached skill level 1 in Polearms
  1049 | D:2      | Reached XP level 3. HP: 23/25 MP: 2/6
  1050 | D:2      | Reached skill level 1 in Fighting
  1241 | D:2      | Found an ornate altar of the Wu Jian Council.
  1375 | D:2      | Reached skill level 2 in Polearms
  1926 | D:3      | Learned a level 3 spell: Frozen Ramparts
  1986 | D:3      | Reached XP level 4. HP: 30/32 MP: 1/7
  2082 | D:3      | Reached skill level 5 in Ice Magic
  2332 | D:3      | Found a white marble altar of Elyvilon.
  2337 | D:3      | Learned a level 3 spell: Ozocubu's Armour
  3168 | D:4      | Noticed a phantom
  3602 | D:4      | Reached skill level 3 in Polearms
  3618 | D:4      | Reached XP level 5. HP: 30/37 MP: 8/8
  3683 | D:4      | Found an ancient bone altar of Kikubaaqudgha.
  4027 | D:5      | Entered Level 5 of the Dungeon
  4156 | D:5      | Reached skill level 4 in Polearms
  4156 | D:5      | Reached XP level 6. HP: 36/44 MP: 0/9
  4420 | D:5      | Found a glowing drain.
  4509 | Sewer    | Entered a sewer
  4568 | Sewer    | Reached skill level 5 in Polearms
  4730 | Sewer    | Reached XP level 7. HP: 51/51 MP: 10/10
  4769 | Sewer    | Learned a level 3 spell: Summon Guardian Golem
  5145 | Sewer    | Reached skill level 1 in Summonings
  5489 | D:5      | Reached skill level 1 in Hexes
  5806 | D:5      | Reached skill level 6 in Polearms
  5940 | D:6      | Noticed a steam dragon
  5947 | D:6      | Found a hazy altar of Hepliaklqana.
  6070 | D:7      | Reached XP level 8. HP: 51/58 MP: 7/11
  6132 | D:7      | Reached skill level 5 in Dodging
  6452 | D:7      | Reached skill level 7 in Polearms
  6813 | D:7      | Found a staircase to the Ecumenical Temple.
  6823 | Temple   | Entered the Ecumenical Temple
  7281 | D:6      | Found a transporter.
  7282 | D:6      | Found a transporter.
  7283 | D:6      | Noticed Melian's ghost (novice MiBe)
  7287 | D:6      | Noticed a hornet
  7302 | D:6      | Noticed Blork the orc
  7325 | D:6      | Killed Blork the orc
  7462 | D:6      | Reached skill level 5 in Stealth
  7520 | D:5      | Reached XP level 9. HP: 28/65 MP: 4/12
  7662 | D:6      | Reached skill level 8 in Polearms
  8109 | D:8      | Found a flagged portal.
  8140 | Bailey   | Entered a bailey
  8195 | Bailey   | Noticed an orc warlord
  8241 | Bailey   | Identified a scroll of acquirement
  8242 | Bailey   | Noticed an orc knight
  8243 | Bailey   | Acquired the ring of Paranoia {rF+ AC+4 Slay+3}
  8330 | Bailey   | Killed an orc knight
  8331 | Bailey   | Reached skill level 9 in Polearms
  8363 | Bailey   | Reached skill level 5 in Summonings
  8532 | Bailey   | Found a runed translucent gate.
  8533 | Bailey   | Found a runed translucent gate.
  8535 | Bailey   | Found a runed translucent gate.
  8818 | Bailey   | Killed an orc warlord
  8819 | Bailey   | Reached skill level 5 in Fighting
  8819 | Bailey   | Reached XP level 10. HP: 74/74 MP: 9/13
  8978 | Bailey   | Reached skill level 12 in Polearms
  8978 | Bailey   | Reached XP level 11. HP: 83/83 MP: 13/17
  9079 | D:8      | Noticed a deep elf pyromancer
  9369 | D:8      | Found a snail-covered altar of Cheibriados.
  9369 | D:8      | Found a shimmering altar of Xom.
  9370 | D:8      | Found an opulent altar of Gozag.
  9383 | D:8      | Found a blossoming altar of Fedhas.
  9387 | D:8      | Became a worshipper of Gozag Ym Sagoz the Greedy
  9865 | D:9      | Learned a level 4 spell: Hailstorm
  9874 | D:9      | Noticed a two-headed ogre
  9894 | D:9      | Noticed a deep elf pyromancer
  9920 | D:9      | Killed a deep elf pyromancer
 10162 | D:9      | Killed a two-headed ogre
 10163 | D:9      | Reached skill level 1 in Conjurations
 10265 | D:10     | Entered Level 10 of the Dungeon
 10380 | D:10     | Reached skill level 13 in Polearms
 10465 | D:10     | Found a staircase to the Orcish Mines.
 10873 | D:10     | Noticed a two-headed ogre
 10888 | D:10     | Killed a two-headed ogre
 10948 | D:10     | Reached XP level 12. HP: 91/91 MP: 13/19
 11136 | D:10     | Reached skill level 5 in Spellcasting
 11314 | D:11     | Noticed a two-headed ogre
 11325 | D:11     | Killed a two-headed ogre
 11396 | D:11     | Found a frozen archway.
 11572 | IceCv    | Entered an ice cave
 11582 | IceCv    | Found a transporter.
 11591 | IceCv    | Found a transporter.
 11726 | IceCv    | Killed from afar by an ice statue

Illustrated notes

Levels and vault maps discovered:
D:1:      saegor_arrival_miasma, layout_loops_ring, serial_shops, shop,
          roderic_serpentine_path
D:2:      minmay_angry_zag, layout_basic, basic_altar,
          ebering_ecumenical_altar_box, serial_curves, eino_curves_01,
          eino_curves_04
D:3:      layout_basic, old_standard_altar
D:4:      layout_loops_ring, kennysheep_vampire_church, minivault_4
D:5:      layout_rooms, gup_sewer_entry_bubbles
D:6:      layout_cave_pools, nicolae_hepliaklqana_monster_ancestors,
          gammafunk_ghost_hive, uniq_blork_the_orc
D:7:      layout_loops_ring, minmay_temple_entry_overgrown, dk_rats_in_the_wall
D:8:      layout_rooms, nicolae_overflow_quartered_altars, enter_bailey_3
D:9:      layout_rooms
D:10:     layout_roguey, zombieorc2_lemuel
D:11:     layout_loops_ring, lair_entry_dummy, portal_ice_cave_demonic_guard,
          nicolae_trove_entry_crossroad, nemelex_xobeh_ov_fountains_minmay
Temple:   regret_index_temple_generic_petals
IceCv:    ice_cave_statue_garden_transporter

Skill      XL: |  1  2  3  4  5  6  7  8  9 10 11 12 |
---------------+-------------------------------------+-----
Dodging        | 3 4 5 7 8 9 |  9.7
Polearms       | 1 2 3 4 5 6 7 9 12 13 | 13.7
Fighting       | 1 2 3 4 5 6 7 |  7.5
Ice Magic      | 5 6 7 8 9 |  9.3
Stealth        | 3 4 5 6 7 |  7.2
Summonings     | 2 3 5 6 7 |  7.4
Hexes          | 1 2 3 4 |  4.2
Spellcasting   | 4 5 |  5.1
Conjurations   | 2 |  2.9

Action                   |  1- 3 |  4- 6 |  7- 9 | 10-12 || total
-------------------------+-------+-------+-------+-------++-------
Melee: Spear             |    52 |   101 |    39 |       ||   192
       Dagger            |       |    77 |   130 |       ||   207
       Tailslap          |       |    13 |    12 |       ||    25
       Punch             |       |     1 |     5 |     1 ||     7
       Whip              |       |       |   140 |    43 ||   183
       Halberd           |       |       |       |   269 ||   269
Throw: Dart              |       |       |    25 |       ||    25
       Boomerang         |       |       |    81 |    14 ||    95
 Cast: Freeze            |    27 |    42 |    14 |       ||    83
       Frozen Ramparts   |       |     5 |    29 |    14 ||    48
       Ozocubu's Armour  |       |     3 |    15 |    19 ||    37
       Summon Guardian G |       |       |     3 |       ||     3
Evoke: Wand              |       |       |     2 |       ||     2
  Use: Potion            |       |       |     2 |     4 ||     6
       Scroll            |       |       |    12 |     5 ||    17
 Stab: Sleeping          |     6 |     9 |     8 |     4 ||    27
       Distracted        |       |       |       |     1 ||     1
Armor: Robe              |     9 |    44 |     9 |       ||    62
       Troll leather arm |       |       |    33 |       ||    33
       Steam dragon scal |       |       |    10 |    59 ||    69
Dodge: Dodged            |    59 |   212 |   245 |   236 ||   752

Table legend: (Time is in decaauts)
 A = Elapsed time spent in this place.
 B = Non-inter-level travel time spent in this place.
 C = Inter-level travel time spent in this place.
 D = Time resting spent in this place.
 E = Time spent auto-exploring this place.
 F = Levels seen in this place.
 G = Mean time per level.
                   A        B        C        D        E       F      G
               +--------+--------+--------+--------+--------+-----+--------+
         Total |  11429 |  11122 |    307 |   1897 |   5514 |  15 |  761.9 |
       Dungeon |   9514 |   9231 |    283 |   1573 |   4929 |  11 |  864.9 |
        Temple |    231 |    207 |     24 |      0 |    198 |   1 |  231.0 |
         Sewer |    715 |    715 |      0 |    119 |    359 |   1 |  715.0 |
        Bailey |    818 |    818 |      0 |    113 |     28 |   1 |  818.0 |
      Ice Cave |    149 |    149 |      0 |     92 |      0 |   1 |  149.0 |
               +--------+--------+--------+--------+--------+-----+--------+

Top non-repeatable levels by time:
     D:3: 1168 daAuts
     D:2: 1055 daAuts
     D:5: 1033 daAuts
    D:10: 1021 daAuts
     D:7: 1016 daAuts
     D:4: 941 daAuts
     D:1: 853 daAuts
     D:6: 840 daAuts
  Bailey: 818 daAuts
   Sewer: 715 daAuts
     D:8: 681 daAuts
     D:9: 646 daAuts
    D:11: 254 daAuts
  Temple: 231 daAuts
   IceCv: 149 daAuts
